 Seeded DCSS version 0.29.1-15-g9cfb28693d (webtiles) character file.

Game seed: 3167481066243502733 (custom seed)

311 Psyclone the Stinger (level 6, 0/32 HPs)
             Began as a Deep Elf Venom Mage on Sept 21, 2023.
             Slain by an ogre
             ... wielding a +0 giant club
              (30 damage)
             ... on level 5 of the Dungeon.
             The game lasted 00:17:28 (6113 turns).

Psyclone the Stinger (Deep Elf Venom Mage)          Turns: 6113, Time: 00:17:29

Health: 0/32       AC:  5    Str:  5    XL:     6   Next: 18%
Magic:  15/21      EV: 12    Int: 22    God:
Gold:   121        SH:  4    Dex: 15    Spells: 1/11 levels left

rFire   . . .      SeeInvis .   b - +0 dagger
rCold   . . .      Faith    .   (no shield)
rNeg    . . .      Spirit   .   f - +0 robe
rPois   .          Reflect  .   (no helmet)
rElec   .          Harm     .   q - +0 cloak
rCorr   .          Rampage  .   z - +0 pair of gloves
Will    .....                   c - +0 pair of boots
Stlth   ++........              t - amulet of regeneration
HPRegen 0.90/turn               r - +4 ring of slaying
MPRegen 0.17/turn               x - ring of magical power

@: no status effects
A: large bone plates 1
a: no special abilities


You were on level 5 of the Dungeon.
You visited 1 branch of the dungeon, and saw 5 of its levels.

You collected 121 gold pieces.

Inventory:

Hand Weapons
 b - a +0 dagger (weapon)
Armour
 c - a +0 pair of boots (worn)
 f - a +0 robe (worn)
 q - a +0 cloak (worn)
 z - a +0 pair of gloves (worn)
Magical Staves
 a - a staff of poison
Jewellery
 j - a ring of ice
 r - a +4 ring of slaying (left hand)
 t - an amulet of regeneration (around neck)
 x - a ring of magical power (right hand)
Wands
 d - a wand of paralysis (14)
Scrolls
 e - 2 scrolls of noise {unknown}
 g - a scroll of brand weapon {unknown}
 h - 2 scrolls of teleportation {unknown}
 i - 2 scrolls of acquirement {unknown}
 k - a scroll of immolation {unknown}
 m - 2 scrolls of identify {unknown}
 n - a scroll of magic mapping {unknown}
 y - a scroll of fog {unknown}
Potions
 l - 2 potions of mutation
 o - 2 potions of lignification {unknown}
 p - a potion of ambrosia {unknown}
 s - a potion of berserk rage {unknown}
 u - a potion of haste {unknown}
 v - a potion of cancellation {unknown}
 w - a potion of magic


   Skills:
 - Level 2.4 Dodging
 - Level 2.4 Stealth
 - Level 3.0 Spellcasting
 - Level 1.1 Transmutations
 + Level 7.7 Poison Magic


You had one spell level left.
You knew the following spells:

 Your Spells              Type           Power      Damage    Failure   Level
a - Poisonous Vapours     Pois/Air       40%        N/A       3%          2
d - Mephitic Cloud        Conj/Pois/Air  14%        N/A       13%         3
v - Sting                 Tmut/Pois      88%        1d7       1%          1
x - Olgreb's Toxic Radia  Pois           37%        N/A       5%          4

Your spell library contained the following spells:

 Spells                   Type           Power      Damage    Failure   Level
 Apportation              Tloc           6%         N/A       12%         1
 Necrotise                Necr           12%        1d4       12%         1
 Sandblast                Erth           6%         2d5       12%         1
 Passwall                 Tmut/Erth      4%         N/A       16%         2
 Stone Arrow              Conj/Erth      6%         3d7       36%         3
 Vampiric Draining        Necr           3%         2d6       36%         3
 Alistair's Intoxication  Tmut/Pois      14%        N/A       50%         5
 Agony                    Necr           3%         N/A       98%         5


Dungeon Overview and Level Annotations

Branches:
Dungeon (5/15) Zot: 23884
 Temple: D:4-7

Altars:
Cheibriados
Xom

Annotations:
D:2 exclusion: downstairs
D:4 exclusion: phantom


Innate Abilities, Weirdness & Mutations

You are partially covered in large bone plates. (SH +4)


Message History

You finish putting on your +0 pair of gloves.
You now have 121 gold pieces (gained 10).
An ogre comes into view. It is wielding a +0 giant club.
Casting: Poisonous Vapours (safe; 3% risk of failure)
Confirm with . or Enter, or press ? or * to list all spells.
Aiming: Poisonous Vapours (safe; 3% risk of failure)
Press: ? - help, Dir - move target, f - ogre
Aim: an ogre, wielding a +0 giant club (asleep) Poisonous vapours surround the ogre!
The ogre is poisoned.
You now have 19/21 mp.
Casting: Poisonous Vapours (safe; 3% risk of failure)
Confirm with . or Enter, or press ? or * to list all spells.
Aiming: Poisonous Vapours (safe; 3% risk of failure)
Press: ? - help, Dir - move target, f/p - ogre
Aim: an ogre, wielding a +0 giant club (poisoned) Poisonous vapours surround the ogre!
The ogre looks even sicker.
You now have 17/21 mp.
Casting: Poisonous Vapours (safe; 3% risk of failure)
Confirm with . or Enter, or press ? or * to list all spells.
Aiming: Poisonous Vapours (safe; 3% risk of failure)
Press: ? - help, Dir - move target, f/p - ogre
Aim: an ogre, wielding a +0 giant club (very poisoned) Poisonous vapours surround the ogre!
The ogre looks even sicker.
You now have 15/21 mp.
The ogre attacks as you move away! You block the ogre's attack.
The ogre attacks as you move away! The ogre hits you with a +0 giant club!
You take 9 damage, and have 23/32 hp.
MASSIVE DAMAGE!!
There is an open door here.
Casting: Poisonous Vapours (safe; 3% risk of failure)
Confirm with . or Enter, or press ? or * to list all spells.
Aiming: Poisonous Vapours (safe; 3% risk of failure)
Press: ? - help, Dir - move target, f/p - ogre
Aim: an ogre, wielding a +0 giant club (moderately wounded, very poisoned) Poisonous vapours surround the ogre!
The ogre looks even sicker.
You now have 15/21 mp.
The ogre attacks as you move away! The ogre completely misses you.
The ogre attacks as you move away!
The ogre hits you with a +0 giant club!!
Ouch! That really hurt!
You die...

#.###.#....#####'###
#..........# ##...##
#.#####..#####.....##
#........# ##.......##
#####...####.........#
#..<....+.........+
##...####..[......#
##..# ##.......## ##.#
##..@..## #.# ##.O.##
#.# ##'## #.# #.# ..
#.# ##.##
###.#######...######
........##...........
#.###.###...#.####.


You could see an ogre (very poisoned).

Vanquished Creatures
  A scorpion (D:5)
  A hound (D:4)
  7 gnolls
  5 adders
  An ufetubus (D:4)
  2 worms
  5 dart slugs
  An orc (D:3)
  8 bats
  3 endoplasms
  7 giant cockroaches
  8 goblins
  8 hobgoblins
  5 jackals
  4 quokkas
  9 ball pythons
  4 frilled lizards
  10 kobolds
  3 rats
92 creatures vanquished.

Vanquished Creatures (others)
  A goblin (D:3)
  A hobgoblin (D:3)
  A fungus (D:1)
  16 plants
19 creatures vanquished.

Grand Total: 111 creatures vanquished

Notes
Turn   | Place    | Note
-------+----------+-------------------------------------------
     0 | D:1      | Psyclone the Deep Elf Venom Mage began the quest for the
                  | Orb.
     0 | D:1      | Reached XP level 1. HP: 10/10 MP: 6/6
   163 | D:1      | Reached skill level 4 in Poison Magic
   163 | D:1      | Reached XP level 2. HP: 15/15 MP: 2/8
   247 | D:1      | Found a faded altar of an unknown god.
   604 | D:1      | Learned a level 2 spell: Poisonous Vapours
   787 | D:1      | Reached XP level 3. HP: 18/19 MP: 1/9
  1845 | D:2      | Found a shimmering altar of Xom.
  1881 | D:2      | Reached skill level 5 in Poison Magic
  2615 | D:2      | Reached XP level 4. HP: 24/24 MP: 4/10
  3503 | D:2      | Learned a level 4 spell: Olgreb's Toxic Radiance
  3662 | D:3      | Found a shimmering altar of Xom.
  3693 | D:3      | Reached skill level 6 in Poison Magic
  4274 | D:3      | Reached XP level 5. HP: 28/28 MP: 3/11
  4329 | D:3      | Gained mutation: You are partially covered in large bone
                  | plates. (SH +4) [potion of mutation]
  4768 | D:3      | Learned a level 3 spell: Mephitic Cloud
  5044 | D:4      | Found a snail-covered altar of Cheibriados.
  5070 | D:4      | Reached skill level 7 in Poison Magic
  5911 | D:4      | Noticed a phantom
  5943 | D:5      | Entered Level 5 of the Dungeon
  6038 | D:5      | Reached XP level 6. HP: 21/32 MP: 12/12
  6113 | D:5      | Slain by an ogre

Illustrated notes

Levels and vault maps discovered:
D:1:      lightli_arrival_boilingwater, layout_basic,
          dreamdust_ecumenical_altar_hidden_monk_grotto, reono_crystal_passage,
          st_stairs_14
D:2:      layout_rooms, basic_altar, nicolae_figureground_pulse
D:3:      layout_loops_ring, xom_confusion_cloud, serial_forest,
          infiniplex_forest_clump_cross, infiniplex_forest_clump_double,
          infiniplex_forest_lined_3, infiniplex_forest_clump_curved,
          infiniplex_forest_lined_2, infiniplex_forest_lined_2,
          infiniplex_forest_clump_curved, infiniplex_forest_clump_double,
          kennysheep_generic_room_6
D:4:      layout_gridville, slow_altar_1
D:5:      layout_loops_corners, grunt_temple_overflow_diamond, grunt_decor_cap,
          corexii_shack, minmay_fractal_squares_5

Skill      XL: |  1  2  3  4  5 |
---------------+----------------+-----
Poison Magic   | 4 5 6 7 |  7.7
Dodging        | |  2.4
Stealth        | |  2.4
Spellcasting   | |  3.0
Transmutations | |  1.1

Action                   |  1- 3 |  4- 6 || total
-------------------------+-------+-------++-------
Melee: Unarmed           |     1 |       ||     1
       Dagger            |    35 |    61 ||    96
 Cast: Sting             |    31 |       ||    31
       Poisonous Vapours |    43 |    88 ||   131
       Olgreb's Toxic Ra |       |     1 ||     1
  Use: Potion            |       |     2 ||     2
 Stab: Sleeping          |     1 |       ||     1
Armor: Robe              |    11 |    21 ||    32
Dodge: Dodged            |    38 |    67 ||   105
Block: Other             |       |    10 ||    10
